 Dungeon Crawl Stone Soup version 0.29.0-4-gdea44cf6ec (webtiles) character file.

Game seed: 3497659754757265775

109 sking99 the Ducker (level 4, -1/24 HPs)
             Began as a Deep Elf Gladiator on Aug 26, 2022.
             Was a Follower of Hepliaklqana.
             Slain by an orc wizard
             ... wielding a +0 dagger
              (3 damage)
             ... on level 2 of the Dungeon.
             The game lasted 00:05:51 (3048 turns).

sking99 the Ducker (Deep Elf Gladiator)             Turns: 3048, Time: 00:05:52

Health: -1/24      AC: 11    Str: 13    XL:     4   Next: 60%
Magic:  6/6        EV:  7    Int: 13    God:    Hepliaklqana [*.....]
Gold:   54         SH:  0    Dex: 16    Spells: 3/3 levels left

rFire   . . .      SeeInvis .   a - +1 quarterstaff
rCold   + . .      Faith    .   (shield currently unavailable)
rNeg    . . .      Spirit   .   s - +0 chain mail
rPois   .          Reflect  .   c - +0 helmet
rElec   .          Harm     .   r - +0 cloak
rCorr   .          Rampage  .   (no gloves)
Will    .....                   j - +0 pair of boots
Stlth   ..........              (no amulet)
HPRegen 0.08/turn               h - ring of protection from cold
MPRegen 0.10/turn               (no ring)

@: hasted, very quick
A: reduced essence
a: Renounce Religion, Recall Ancestor, Ancestor Identity


You were on level 2 of the Dungeon.
You worshipped Hepliaklqana.
Hepliaklqana was aware of your devotion.
You visited 1 branch of the dungeon, and saw 3 of its levels.

You collected 54 gold pieces.

Inventory:

Hand Weapons
 a - a +1 quarterstaff (weapon)
Missiles
 d - 3 throwing nets (quivered)
 e - a javelin
Armour
 c - a +0 helmet (worn)
 j - a +0 pair of boots (worn)
 r - a +0 cloak (worn)
 s - a +0 chain mail (worn)
Jewellery
 h - a ring of protection from cold (left hand)
 l - the ring "Bidial" {Str+3 Int+6}
   (You found it on level 2 of the Dungeon)

   [ring of intelligence]

   Str:       It affects your strength (+3).
   Int:       It affects your intelligence (+6).
Scrolls
 n - a scroll of immolation
Potions
 b - a potion of lignification
 f - 3 potions of attraction
 g - a potion of curing {unknown}
 i - a potion of degeneration {unknown}
 k - 2 potions of brilliance
 o - a potion of haste
 p - 3 potions of invisibility {unknown}
 q - a potion of cancellation {unknown}


   Skills:
 + Level 2.3 Fighting
 * Level 4.4 Staves
 - Level 2.0 Throwing
 + Level 4.5 Dodging


You had 3 spell levels left.
You didn't know any spells.
Your spell library contained the following spells:

 Spells                   Type           Power      Damage    Failure   Level
 Sublimation of Blood     Necr           0%         N/A       100%        2
 Wereblood                Tmut           0%         N/A       100%        2
 Summon Hydra             Summ           0%         N/A       100%        7


Dungeon Overview and Level Annotations

Branches:
Dungeon (3/15)

Altars:
Hepliaklqana


Message History

The jackal bites you.
You closely miss the adder.
You feel sick. The adder closely misses you.
The jackal bites you but does no damage.
The orc barely misses you. Something hits you but does no damage.
The adder completely misses you.
You closely miss the adder.
You feel sick.
The jackal bites you but does no damage.
The adder barely misses you. The orc hits you but does no damage.
Something hits you but does no damage. The jackal bites you.
* * * LOW HITPOINT WARNING * * *
You hit the adder.
The adder is moderately wounded.
You feel sick.
You are no longer poisoned.
The adder bites you but does no damage. The jackal closely misses you.
You hear some strange, mumbled words.
Something tries to affect you, but you resist.
The orc hits you but does no damage.
You barely miss the adder.
The adder is moderately wounded.
The adder completely misses you.
The jackal bites you but does no damage.
The orc barely misses you. Something hits you but does no damage.
The jackal bites you but does no damage.
The adder bites you but does no damage.
You hit the adder.
The adder is severely wounded.
The jackal bites you but does no damage.
The adder bites you but does no damage. Something hits you but does no damage.
The orc hits you with a +0 club.
* * * LOW HITPOINT WARNING * * *
You closely miss the adder.
The adder is severely wounded.
The jackal bites you but does no damage.
The adder barely misses you. The orc hits you but does no damage.
Something hits you but does no damage.
The jackal bites you but does no damage.
The adder bites you but does no damage.
You feel yourself speed up. Something hits you.
You die...

.#.................####..........
##.....######.......##..###......
##.....# #..........## ##.....
##..#### ###.......#### ####....
##..# #........## ##....... ##.##
##.##.....######..##.### #..#
#..#.......##....###.## .>)#
###.##...h......#### #..# .#)#
#.).##..[@{...### ##.# ...#
#.#####.o.S...# #.## ..####
#.######...#.### #...
.###.###...##<........# ####''
.###.....#..#.........# ##~~~..
..##.###..............#####~~..(.
........................##~~....(
.##..............).....##~~......
.#..#####...#.........##~~.......


You could see an adder, an orc and a jackal.

Vanquished Creatures
  An orc priest (D:2)
  An adder (D:2)
  2 dart slugs (D:2)
  5 orcs (D:2)
  A bat (D:1)
  3 endoplasms (D:1)
  4 giant cockroaches
  6 goblins
  5 hobgoblins
  2 quokkas (D:1)
  6 ball pythons
  2 frilled lizards (D:1)
  6 kobolds
44 creatures vanquished.

Vanquished Creatures (collateral kills)
  2 ball pythons (D:1)
  2 endoplasms
  2 giant cockroaches
  A goblin (D:2)
  A quokka (D:2)
  A bat (D:1)
  2 rats
11 creatures vanquished.

Vanquished Creatures (others)
  An ancestor (D:2)
1 creature vanquished.

Grand Total: 56 creatures vanquished

Notes
Turn   | Place    | Note
-------+----------+-------------------------------------------
     0 | D:1      | sking99 the Deep Elf Gladiator began the quest for the Orb.
     0 | D:1      | Reached XP level 1. HP: 12/12 MP: 3/3
   440 | D:1      | Reached XP level 2. HP: 17/17 MP: 4/4
   934 | D:1      | Found a faded altar of an unknown god.
   961 | D:1      | Prayed at the altar of an unknown god.
   961 | D:1      | Became a worshipper of Hepliaklqana the Forgotten
   961 | D:1      | Reached * piety under Hepliaklqana
  1543 | D:2      | Reached XP level 3. HP: 18/18 MP: 5/5
  1619 | D:2      | Identified the ring "Bidial" {Str+3 Int+6}
  2115 | D:2      | Reached XP level 4. HP: 18/23 MP: 6/6
  2458 | D:2      | HP: 1/23 [orc/+0 club (3)]
  3048 | D:2      | Slain by an orc wizard

Illustrated notes

Levels and vault maps discovered:
D:1:      eino_arrival_tree_alley, layout_basic, basic_ecumenical_altar,
          minmay_cut_off
D:2:      layout_rooms, kennysheep_big_empty_room
D:3:      layout_rooms, serial_shops, nicolae_shop_behind_doors, uniq_grinder

Skill      XL: |  1  2  3 |
---------------+----------+-----
Dodging        | 4 |  4.5
Fighting       | 2 |  2.3
Staves         | 4 |  4.4
Throwing       | |  2.0

Action                   |  1- 3 |  4- 6 || total
-------------------------+-------+-------++-------
Melee: Quarterstaff      |   100 |    24 ||   124
Invok: Recall Ancestor   |     1 |     1 ||     2
       Ancestor Identity |     1 |       ||     1
  Use: Scroll            |     8 |       ||     8
       Potion            |       |     1 ||     1
Armor: Leather armour    |     8 |       ||     8
       Ring mail         |    35 |     1 ||    36
       Chain mail        |       |    35 ||    35
Dodge: Dodged            |    69 |    26 ||    95
